 Dungeon Crawl Stone Soup version 0.25.1-2-g60ff931df9 (webtiles) character file.

Game seed: 2152503621478538652

5204 Mrkan the Thrower (level 10, -1/102 HPs)
             Began as a Troll Hunter on Nov 13, 2020.
             Was a Believer of Ru.
             Slain by a killer bee (8 damage)
             ... on level 8 of the Dungeon.
             The game lasted 00:18:27 (7100 turns).

Mrkan the Thrower (Troll Hunter)                    Turns: 7100, Time: 00:18:28

Health: -1/102     AC:  8    Str: 23    XL:     10   Next: 35%
Magic:  9/9        EV: 10    Int:  7    God:    Ru [**....]
Gold:   354        SH:  0    Dex: 12    Spells: 9/9 levels left

rFire    . . .     SeeInvis .     - Unarmed
rCold    . . .     Gourm    +   (no shield)
rNeg     . . .     Faith    .   x - +2 robe {Archmagi}
rPois    .         Spirit   .   (helmet restricted)
rElec    .         Reflect  .   (no cloak)
rCorr    .         Harm     .   (gloves unavailable)
MR       .....                  (boots unavailable)
Stlth    +.........             (no amulet)
HPRegen  0.67/turn              (no ring)
MPRegen  0.11/turn              (no ring)

@: lethally poisoned (-1 -> -14), very slightly contaminated, invisible
A: large, unfitting armour, claws 3, fast metabolism 3, gourmand, regeneration
1, shaggy fur 1, tough skin 3, inability to use devices
a: Sacrifice Health, Sacrifice Words, Sacrifice Love, Reject Sacrifices,
Renounce Religion


You were on level 8 of the Dungeon.
You worshipped Ru.
Ru was pleased with you.
You were completely stuffed.

You visited 2 branches of the dungeon, and saw 10 of its levels.
You also visited: Sewer.

You collected 424 gold pieces.
You spent 70 gold pieces at shops.

Inventory:

Missiles
 c - 5 large rocks (quivered)
 d - 3 throwing nets
 i - 6 javelins
 v - 12 poisoned darts
Armour
 x - a +2 robe of the Archmagi (worn)
Jewellery
 j - a +6 ring of intelligence {unknown}
 s - an uncursed amulet of guardian spirit {unknown}
 z - an uncursed ring of magical power {unknown}
 C - a +6 ring of dexterity {unknown}
Wands
 w - a wand of flame (37)
Scrolls
 g - 6 scrolls of identify
 n - 5 scrolls of remove curse
 q - a scroll of amnesia
 t - 2 scrolls of fog
 u - 7 scrolls of teleportation
 y - 2 scrolls of fear
Potions
 a - a potion of lignification
 b - a potion of brilliance {unknown}
 h - 3 potions of degeneration
 l - 4 potions of curing
 m - 2 potions of mutation
 o - 2 potions of stabbing
 p - 2 potions of haste
 A - a potion of berserk rage {unknown}
 B - a potion of flight {unknown}
Comestibles
 f - 20 rations
 r - 4 chunks of flesh


   Skills:
 + Level 7.6 Fighting
 * Level 9.4 Throwing
 - Level 1.5 Dodging
 - Level 0.3 Stealth
 - Level 8.4 Unarmed Combat


You had 9 spell levels left.
You didn't know any spells.
Your spell library was empty.

Dungeon Overview and Level Annotations

Branches:
Dungeon (9/15)             Temple (1/1) D:5           Sewer (visited)
   Lair: D:8-11         Orc: D:9-12

Altars:
Ashenzari
Cheibriados
Dithmenos
Elyvilon
Fedhas
Gozag
Hepliaklqana
Kikubaaqudgha
Makhleb
Nemelex Xobeh
Okawaru
Qazlal
Ru
Sif Muna
Trog
Uskayaw
Vehumet
Wu Jian
Xom
Yredelemnul
Zin
The Shining One

Shops:
D:4 ?   D:6 =::   D:7 }   D:9 =


Innate Abilities, Weirdness & Mutations

You are too large for most types of armour.
You have claws for hands.
Your metabolism is lightning-fast.
You like to eat raw meat.
Your natural rate of healing is unusually fast.
You are covered in fur. (AC +1)
You have extremely tough skin. (AC +3)
You cannot study or use magical devices.


Message History

The killer bee stings you.
* * * LOW HITPOINT WARNING * * *
You are more poisoned.
The killer bee poisons you! The killer bee closely misses you.
The killer bee misses you.
You barely miss the killer bee.
You feel sick. The killer bee barely misses you.
The killer bee is stunned by your will and fails to attack.
The killer bee stings you but does no damage.
The killer bee stings you.
* * * LOW HITPOINT WARNING * * *
The killer bee barely misses you.
You strike the helpless killer bee from behind!
You mangle the killer bee!!
You kill the killer bee!
You feel sick. The killer bee stings you.
* * * LOW HITPOINT WARNING * * *
You are lethally poisoned!
The killer bee poisons you! The killer bee stings you!
You die...

### #.##### #.....#
#.###.### #.......#
#######.#.#
#...))..#.####
#.#######....#######
####'#@................
#....yy########.#######
#..(..y########........
#......'...............
#......############....
#......# #.... #......#
#.... ######## #....
#....


You could see 3 killer bees.

Vanquished Creatures
  Harold (D:7)
  Erica (D:9)
  Sigmund (D:3)
  6 yaks (D:9)
  A steam dragon (D:8)
  A sky beast (D:6)
  An ice beast (D:8)
  3 phantoms
  2 ogres
  2 centaurs
  A big kobold (D:9)
  8 bullfrogs
  2 scorpions (D:6)
  A water moccasin skeleton (D:5)
  A killer bee (D:8)
  2 crimson imps (D:5)
  4 orc priests
  6 hounds
  A jelly (D:5)
  A centaur skeleton (D:5)
  6 orc wizards
  Jessica (D:3)
  Terence (D:3)
  6 worker ants
  3 iguanas
  A worker ant zombie (D:6)
  4 gnolls
  6 adders
  A shadow imp (D:6)
  An ooze (D:3)
  2 adder zombies
  An adder skeleton (D:5)
  2 worms
  6 dart slugs
  4 leopard geckos
  33 orcs
  10 bats
  13 giant cockroaches
  11 goblins
  6 hobgoblins
  12 jackals
  2 quokkas
  4 ball pythons
  15 frilled lizards
  A jackal zombie (D:7)
  11 kobolds
  9 rats
218 creatures vanquished.

Notes
Turn   | Place    | Note
-------+----------+-------------------------------------------
     0 | D:1      | Mrkan the Troll Hunter began the quest for the Orb.
     0 | D:1      | Reached XP level 1. HP: 19/19 MP: 0/0
   102 | D:1      | Reached skill level 1 in Unarmed Combat
   131 | D:1      | Reached XP level 2. HP: 28/28 MP: 1/1
   717 | D:2      | Reached XP level 3. HP: 34/35 MP: 2/2
   899 | D:3      | Reached XP level 4. HP: 37/44 MP: 3/3
  1322 | D:2      | Reached XP level 5. HP: 50/50 MP: 4/4
  1464 | D:3      | Noticed Sigmund
  1475 | D:3      | Killed Sigmund
  1475 | D:3      | Reached XP level 6. HP: 37/61 MP: 5/5
  1517 | D:3      | Noticed Jessica
  1526 | D:3      | Reached skill level 5 in Unarmed Combat
  1536 | D:3      | Killed Jessica
  1597 | D:3      | Found a hide-covered altar of Uskayaw.
  1771 | D:3      | Noticed Terence
  1791 | D:3      | Killed Terence
  2356 | D:4      | Reached XP level 7. HP: 65/68 MP: 6/6
  2462 | D:4      | Found a bloodstained altar of Trog.
  2506 | D:4      | Found Neunyf's Magic Scroll Emporium.
  2519 | D:4      | Bought a scroll of identify for 28 gold pieces
  2519 | D:4      | Bought a scroll of remove curse for 42 gold pieces
  2852 | D:5      | Entered Level 5 of the Dungeon
  3222 | D:5      | Found an iron altar of Okawaru.
  3386 | D:5      | Found a staircase to the Ecumenical Temple.
  3464 | Temple   | Entered the Ecumenical Temple
  3664 | Temple   | Became a worshipper of Ru the Awakened
  3971 | D:5      | Reached XP level 8. HP: 61/79 MP: 7/7
  4098 | D:6      | Found Dutt's Book Emporium.
  4211 | D:6      | Reached skill level 5 in Fighting
  4393 | D:6      | Reached skill level 4 in Throwing
  4492 | D:6      | Found a glowing drain.
  4514 | Sewer    | Entered a sewer
  4793 | D:6      | Found Bovuod's Jewellery Emporium.
  4823 | D:6      | Reached skill level 5 in Throwing
  4875 | D:6      | Gained mutation: You cannot study or use magical devices.
                  | [Ru sacrifice]
  4875 | D:6      | Reached * piety under Ru
  4875 | D:6      | Reached ** piety under Ru
  4885 | D:6      | Found an ornate altar of the Wu Jian Council.
  4965 | D:6      | Found Mianobon's Book Emporium.
  5355 | D:7      | Reached XP level 9. HP: 89/89 MP: 8/8
  5514 | D:7      | Found Ganimeegh's Gadget Emporium.
  5742 | D:7      | Reached skill level 6 in Throwing
  5802 | D:7      | Noticed Harold
  5819 | D:7      | Killed Harold
  5819 | D:7      | Reached skill level 7 in Throwing
  6646 | D:8      | Found a radiant altar of Vehumet.
  6793 | D:8      | Reached skill level 8 in Throwing
  6857 | D:9      | Found Hyrepnex's Jewellery Emporium.
  6882 | D:9      | Noticed Erica
  6902 | D:9      | Killed Erica
  6902 | D:9      | Reached XP level 10. HP: 54/102 MP: 9/9
  6903 | D:9      | Reached skill level 9 in Throwing
  7100 | D:8      | Slain by a killer bee

Illustrated notes

Levels and vault maps discovered:
D:1:      saegor_arrival_simple_b, layout_rooms, supply_closet_lemuel
D:2:      layout_basic
D:3:      layout_basic, nicolae_overflow_hidden_temple, first_ration,
          uniq_sigmund, uniq_terence, uniq_jessica
D:4:      layout_basic, kennysheep_little_box, serial_shops,
          nicolae_shop_temple_entry_statues_fountains, kennysheep_potato
D:5:      layout_loops_corners, lemuel_doored_altar, minmay_temple_entry_glass,
          hangedman_decor_diamond_cutter
D:6:      layout_cave_pools, nicolae_overflow_crystal_walls,
          portal_sewer_entry_f, serial_shops, shop, nicolae_shop_trees, shop
D:7:      layout_basic, serial_shops, shop, nicolae_lava_and_water,
          corexii_checkpoint_a, uniq_harold
D:8:      cheibrodos_iron_armory, layout_basic, basic_altar
D:9:      layout_rooms, david_lair_generic, serial_shops,
          nicolae_shop_behind_doors, shop, shop, shop_statue, shop,
          kennysheep_dice, uniq_maurice, uniq_erica
Temple:   compressed_dpeg_circular_temple

Skill      XL: |  1  2  3  4  5  6  7  8  9 10 |
---------------+-------------------------------+-----
Unarmed Combat | 1 2 3 4 5 7 8 |  8.4
Fighting       | 2 3 4 5 7 |  7.6
Throwing       | 5 8 9 |  9.4
Dodging        | |  1.5
Stealth        | |  0.3

Action                   |  1- 3 |  4- 6 |  7- 9 | 10-12 || total
-------------------------+-------+-------+-------+-------++-------
Melee: Short sword       |    31 |       |       |       ||    31
       Punch             |     2 |     3 |    14 |       ||    19
       Unarmed           |    87 |   146 |   363 |    28 ||   624
Invok: Sacrifice Artific |       |       |     1 |       ||     1
  Use: Scroll            |       |       |    13 |       ||    13
       Potion            |       |       |     1 |     4 ||     5
 Stab: Sleeping          |     1 |     1 |     1 |       ||     3
       Invisible         |       |       |       |     2 ||     2
  Eat: Chunk             |    14 |    13 |    41 |     3 ||    71
Armor: Robe              |    77 |    51 |   118 |    16 ||   262
Dodge: Dodged            |   114 |    70 |   180 |    43 ||   407
